 Dungeon Crawl Stone Soup version 0.27-a0-1191-g601b473118 (webtiles) character file.

Game seed: 5404542078740825187

60172 flotson the Covert (level 14, -3/113 HPs)
             Began as a Gnoll Delver on May 23, 2021.
             Was an Initiate of Gozag.
             Slain by a white imp (4 damage)
             ... while paralysed by a great orb of eyes
             ... on level 2 of the Abyss.
             The game lasted 01:05:22 (27630 turns).

flotson the Covert (Gnoll Delver)                  Turns: 27630, Time: 01:05:23

Health: -3/113     AC: 22    Str: 19    XL:     14   Next: 98%
Magic:  0/27       EV:  2    Int: 16    God:    Gozag
Gold:   4326       SH:  0    Dex: 13    Spells: 3/32 levels left

rFire    . . .     SeeInvis .   a - +6 broad axe
rCold    . . .     Faith    .   I - +0 tower shield
rNeg     . . .     Spirit   +   K - +6 scale mail of Ystuluek {rC- Regen+ Str+3 Int+2}
rPois    .         Reflect  .   N - +0 helmet
rElec    .         Harm     .   r - scarf {shadows}
rCorr    +         Rampage  .   h - +0 pair of gloves
Will     .....     Rnd*Rage +   M - +0 pair of boots
Stlth    ++++......             Q - amulet "Miqesaxe" {Spirit rC+ Will- Int+3}
HPRegen  0.00/turn              q - +4 ring of protection
MPRegen  0.20/turn              T - ring of resist corrosion

@: paralysed, about to teleport, diseased
A: fangs 1, strong nose, distributed training, [berserk 1]
a: Renounce Religion, Potion Petition, Call Merchant, Bribe Branch


You were on level 2 of the Abyss.
You worshipped Gozag.
Gozag was most pleased with you.
You visited 3 branches of the dungeon, and saw 17 of its levels.
You visited the Abyss 2 times.

You collected 5121 gold pieces.
You spent 696 gold pieces at shops.
You paid 99 gold pieces to Gozag.

Inventory:

Hand Weapons
 a - a +6 broad axe (weapon)
 b - a +0 hand crossbow
 c - the +8 Vampire's Tooth {vamp}
   (You found it on level 10 of the Dungeon)

   It inflicts no extra harm, but heals its wielder when it wounds a living foe.
 d - the +9 dagger of Regicide {antimagic, rF+ Int-4 Dex+4 SInv}
   (You found it on level 3 of the Lair of Beasts)

   It reduces the magical energy of the wielder, and disrupts the spells and
   magical abilities of those hit.
   Natural abilities and divine invocations are not affected.
   It affects your intelligence (-4).
   It affects your dexterity (+4).
   It protects you from fire.
   It lets you see invisible.
Missiles
 f - 12 boomerangs (quivered)
 z - 139 bolts
 D - 18 javelins
 O - 10 atropa-tipped darts
 P - 3 curare-tipped darts
 Z - 2 throwing nets
Armour
 h - a +0 pair of gloves (worn)
 r - a scarf of shadows (worn)
 A - a scarf of repulsion
 I - a +0 tower shield (worn)
 K - the +6 scale mail of Ystuluek (worn) {rC- Regen+ Str+3 Int+2}
   (You bought it in a shop on level 5 of the Dungeon)

   It affects your strength (+3).
   It affects your intelligence (+2).
   It makes you vulnerable to cold.
   It increases your rate of health regeneration.
 M - a +0 pair of boots (worn)
 N - a +0 helmet (worn)
Jewellery
 n - a ring of protection from cold
 q - a +4 ring of protection (left hand)
 Q - the amulet "Miqesaxe" (around neck) {Spirit rC+ Will- Int+3}
   (You found it on level 5 of the Lair of Beasts)

   [amulet of guardian spirit]

   It causes incoming damage to be divided between your reserves of health and
   magic.
   It affects your intelligence (+3).
   It protects you from cold.
   It decreases your willpower.
 T - a ring of resist corrosion (right hand)
 Y - an amulet of the acrobat
Wands
 g - a wand of digging (2)
 i - a wand of iceblast (11)
 m - a wand of flame (21)
 s - a wand of paralysis (18)
 C - a wand of polymorph (17)
Scrolls
 j - a scroll of enchant armour {unknown}
 l - 4 scrolls of vulnerability
 o - 5 scrolls of teleportation
 t - 3 scrolls of immolation {unknown}
 w - 2 scrolls of blinking {unknown}
 y - 3 scrolls of amnesia {unknown}
 B - a scroll of summoning {unknown}
 H - a scroll of torment {unknown}
 S - 3 scrolls of fog
 U - a scroll of brand weapon {unknown}
 X - 5 scrolls of magic mapping
Potions
 e - a potion of resistance {unknown}
 k - 8 potions of curing
 p - 5 potions of lignification
 u - a potion of magic
 v - a potion of invisibility
 E - 6 potions of flight
 F - 2 potions of attraction
 J - a potion of cancellation
 V - 2 potions of might
 W - 2 potions of mutation
Miscellaneous
 L - a condenser vane


   Skills:
 + Level 11.5 Fighting
 + Level 9.6 Short Blades
 + Level 9.6 Long Blades
 + Level 9.6 Axes
 + Level 9.6 Maces & Flails
 + Level 10.6 Polearms
 + Level 9.6 Staves
 + Level 9.6 Slings
 + Level 9.6 Bows
 + Level 9.6 Crossbows
 + Level 9.6 Throwing
 + Level 9.6 Armour
 + Level 10.6 Dodging
 + Level 13.1 Stealth
 + Level 9.6 Shields
 + Level 9.6 Unarmed Combat
 + Level 9.6 Spellcasting
 + Level 8.1 Conjurations
 + Level 8.1 Hexes
 + Level 8.1 Summonings
 + Level 8.1 Necromancy
 + Level 8.1 Translocations
 + Level 8.1 Transmutations
 + Level 8.1 Fire Magic
 + Level 8.1 Ice Magic
 + Level 8.1 Air Magic
 + Level 8.1 Earth Magic
 + Level 8.1 Poison Magic
 + Level 10.4 Invocations
 + Level 9.6 Evocations


You had 3 spell levels left.
You knew the following spells:

 Your Spells              Type           Power      Damage    Failure   Level
a - Summon Small Mammal   Summ           100%       N/A       6%          1
b - Blink                 Tloc           N/A        N/A       10%         2
c - Ensorcelled Hibernat  Hex/Ice        66%        N/A       10%         2
d - Mephitic Cloud        Conj/Pois/Air  33%        N/A       19%         3
e - Ignite Poison         Fire/Tmut/Pois 33%        N/A       19%         3
f - Teleport Other        Tloc           33%        N/A       19%         3
g - Confusing Touch       Hex            33%        N/A       19%         3
h - Call Canine Familiar  Summ           33%        N/A       19%         3
i - Dazzling Flash        Conj/Hex       66%        N/A       19%         3
j - Inner Flame           Hex/Fire       33%        N/A       19%         3
k - Lesser Beckoning      Tloc           16%        N/A       19%         3

Your spell library contained the following spells:

 Spells                   Type           Power      Damage    Failure   Level
 Magic Dart               Conj           100%       1d8       6%          1
 Sting                    Tmut/Pois      100%       1d8       6%          1
 Call Imp                 Summ           33%        N/A       10%         2
 Poisonous Vapours        Pois/Air       66%        N/A       10%         2
 Searing Ray              Conj           66%        3d5       10%         2
 Slow                     Hex            33%        N/A       10%         2
 Gell's Gravitas          Tloc           16%        N/A       19%         3
 Portal Projectile        Hex/Tloc       66%        N/A       19%         3
 Summon Guardian Golem    Hex/Summ       33%        N/A       19%         3
 Cause Fear               Hex            16%        N/A       52%         4
 Fulminant Prism          Conj/Hex       16%        3d11      52%         4
 Ice Form                 Ice/Tmut       33%        N/A       52%         4
 Iskenderun's Mystic Bla  Conj/Tloc      33%        2d8       52%         4
 Olgreb's Toxic Radiance  Pois           33%        N/A       52%         4
 Passage of Golubria      Tloc           N/A        N/A       52%         4
 Summon Ice Beast         Ice/Summ       33%        N/A       52%         4
 Summon Lightning Spire   Summ/Air       33%        N/A       52%         4
 Manifold Assault         Tloc           33%        N/A       86%         5
 Silence                  Hex/Air        16%        N/A       86%         5
 Summon Mana Viper        Hex/Summ       33%        N/A       86%         5
 Yara's Violent Unravell  Hex/Tmut       16%        3d8       86%         5
 Dispersal                Tloc           16%        N/A       100%        6
 Freezing Cloud           Conj/Ice/Air   16%        6-21      100%        6
 Simulacrum               Ice/Necr       16%        N/A       100%        6
 Ozocubu's Refrigeration  Ice            16%        4d8       100%        7
 Spellforged Servitor     Conj/Summ      16%        N/A       100%        7
 Discord                  Hex            16%        N/A       100%        8
 Disjunction              Tloc           16%        N/A       100%        8


Dungeon Overview and Level Annotations

Branches:
Dungeon (10/15)            Temple (1/1) D:6            Lair (6/6) D:8
  Swamp (0/4) Lair:2        Snake (0/4) Lair:3        Slime (0/5) Lair:6
    Orc: D:9-12

Altars:
Elyvilon
Fedhas
Gozag
Hepliaklqana
Kikubaaqudgha
Makhleb
Ru
Trog
Vehumet
Wu Jian

Shops:
D:3 [   D:4 [   D:5 *[!

Portals:
Abyss: Lair:3


Innate Abilities, Weirdness & Mutations

You have very sharp teeth.
Your uncanny sense of smell can sniff out nearby items.
Your experience applies equally to all skills.
[You tend to lose your temper in combat.]


Message History

You feel better. The sixfirhy barely misses you.
The great orb of eyes gazes at you.
You are confused.
The sixfirhy barely misses you.
You bump into the rock wall.
The sixfirhy misses you. The sixfirhy closely misses you. x2
The great orb of eyes gazes at you.
You feel your power leaking away.
The sixfirhy hits you but does no damage.
You're too confused to move!
You recover from your berserk rage.
The sixfirhy completely misses you.
The sixfirhy hits you but does no damage.
The great orb of eyes gazes at you.
You are more confused.
The great orb of eyes gazes at you.
You are more confused.
You feel better. The great orb of eyes gazes at you.
Your mind is blasted!
The great orb of eyes gazes at you.
You suddenly lose the ability to move!
The sixfirhy hits you! The sixfirhy shocks you!
* * * LOW HITPOINT WARNING * * *
The sixfirhy hits you but does no damage.
The sixfirhy hits you.
* * * LOW HITPOINT WARNING * * *
The sixfirhy shocks you!
* * * LOW HITPOINT WARNING * * *
The sixfirhy hits you but does no damage.
The sixfirhy hits you. The sixfirhy shocks you!
* * * LOW HITPOINT WARNING * * *
The sixfirhy hits you but does no damage.
The white imp gestures at you.
The puff of frost hits you but does no damage.
The white imp hits you.
* * * LOW HITPOINT WARNING * * *
The white imp freezes you.
You die...
Your body crumbles into a pile of gold.

.5 . #. #. # # #.#.#.
... ..#.#.#.#.#.#. .#
..#.#.#.#.#.... #
#.#.....#.#..## #..
#.......#..#.# #. #
#..5.G#.#.#.## .
#@#.# #....#.#.#
#.#3# #.#..... # #.#
#.#.#.# . #.#
....#.#.#.##.#..#####
.#.##..##.## .. #.#.
.#.. ####.#.# .#.
.##. .. . ....###. #.
...ยง ##. #.### . .


You could see a great orb of eyes, a sixfirhy and a white imp.

Vanquished Creatures
  The ghost of freelancePsychic the Destroyer, a journeyman DgFE (Lair:6)
  The ghost of Feulaj the Severer, a journeyman MiBe of Trog (Lair:3)
  Snorg (Lair:3)
  6 hydras
  Erica (D:9)
  2 catoblepae
  2 death yaks
  A two-headed ogre (D:7)
  Urug (Lair:3)
  A thrashing horror (Abyss:2)
  A wretched star (Abyss:2)
  Nergalle (Lair:3)
  3 large abominations
  A glowing orange brain (Abyss:2)
  Pikel (D:9)
  2 ugly things
  2 oklob plants
  8 elephants
  Joseph (D:10)
  2 black mambas
  An ice statue (Lair:2)
  15 cane toads
  A torpor snail (Lair:5)
  Psyche (D:8)
  A freezing wraith (Lair:2)
  The ghost of flyleaff the Covered, a novice GrFi of Cheibriados (D:5)
  3 ancient zymes
  4 rime drakes
  2 hellwings (Lair:3)
  10 komodo dragons
  8 polar bears
  A tyrant leech (D:10)
  6 hornets
  2 slime creatures (Lair:6)
  A raiju (Lair:3)
  18 blink frogs
  A dream sheep (Lair:6)
  17 spriggans
  4 wyverns
  2 wraiths
  Eustachio (D:3)
  4 basilisks
  3 steam dragons
  4 vampire mosquitoes
  55 yaks
  3 neqoxecs (Abyss:2)
  A chaos spawn (Lair:3)
  4 nagas (Lair:3)
  2 acid dragons (D:9)
  15 water moccasins
  2 sky beasts
  9 black bears
  6 ice beasts
  2 orc warriors
  3 necrophages
  2 ogres
  4 boggarts (Lair:6)
  22 wolves
  A lemure (D:9)
  A kobold brigand (D:8)
  A small abomination (Abyss:2)
  A scorpion (D:6)
  10 bullfrogs
  A gnoll sergeant (D:5)
  A water moccasin zombie (D:5)
  7 killer bees
  11 wights
  An electric eel (Lair:1)
  2 howler monkeys
  6 crimson imps (D:7)
  A bullfrog zombie (D:5)
  3 centaur zombies
  2 centaur skeletons
  A hound (D:4)
  2 orc priests (D:10)
  2 jellies (Lair:6)
  A bullfrog skeleton (D:5)
  5 iguanas
  5 orc wizards
  A hell rat (Lair:6)
  A statue (D:4)
  A hound zombie (D:5)
  A hound skeleton (D:4)
  2 howler monkey zombies
  10 adders
  6 gnolls
  A howler monkey skeleton (D:7)
  A shadow imp (D:7)
  5 white imps
  2 adder skeletons (D:4)
  2 worms
  A dart slug (D:5)
  28 orcs
  7 bats
  9 endoplasms
  4 giant cockroaches
  10 hobgoblins
  5 jackals
  4 quokkas
  7 ball pythons
  3 frilled lizards (D:1)
  9 goblins
  16 kobolds
  2 rats
483 creatures vanquished.

Vanquished Creatures (others)
  37 fungi
  71 plants
108 creatures vanquished.

Grand Total: 591 creatures vanquished

Notes
Turn   | Place    | Note
-------+----------+-------------------------------------------
     0 | D:5      | Reached skill level 9 in Stealth
     0 | D:5      | flotson the Gnoll Delver began the quest for the Orb.
     0 | D:5      | Reached XP level 1. HP: 23/23 MP: 1/1
    36 | D:5      | Reached XP level 2. HP: 23/29 MP: 2/2
    36 | D:5      | Reached XP level 3. HP: 28/35 MP: 3/3
   118 | D:5      | Found Xiriajek's Antique Armour Emporium.
   229 | D:4      | Noticed Eustachio
   531 | D:4      | Reached skill level 1 in Invocations
   775 | D:5      | Found Saown's Assorted Antiques.
   825 | D:5      | Reached skill level 1 in Short Blades
   825 | D:5      | Reached skill level 1 in Long Blades
   825 | D:5      | Reached skill level 1 in Axes
   825 | D:5      | Reached skill level 1 in Maces & Flails
   825 | D:5      | Reached skill level 1 in Staves
   825 | D:5      | Reached skill level 1 in Slings
   825 | D:5      | Reached skill level 1 in Bows
   825 | D:5      | Reached skill level 1 in Crossbows
   825 | D:5      | Reached skill level 1 in Throwing
   825 | D:5      | Reached skill level 1 in Armour
   825 | D:5      | Reached skill level 1 in Shields
   825 | D:5      | Reached skill level 1 in Unarmed Combat
   825 | D:5      | Reached skill level 1 in Spellcasting
   825 | D:5      | Reached skill level 1 in Evocations
   825 | D:5      | Reached XP level 4. HP: 33/41 MP: 5/5
  1167 | D:4      | Noticed a wyvern
  1424 | D:4      | Found Modoigh's Antique Armour Shop.
  1427 | D:4      | Noticed a black bear
  1445 | D:4      | Noticed an ogre
  1527 | D:4      | Noticed a necrophage
  1679 | D:3      | Found Nohe's Antique Armour Shop.
  1848 | D:2      | Reached skill level 1 in Conjurations
  1848 | D:2      | Reached skill level 1 in Hexes
  1848 | D:2      | Reached skill level 1 in Summonings
  1848 | D:2      | Reached skill level 1 in Necromancy
  1848 | D:2      | Reached skill level 1 in Translocations
  1848 | D:2      | Reached skill level 1 in Transmutations
  1848 | D:2      | Reached skill level 1 in Fire Magic
  1848 | D:2      | Reached skill level 1 in Ice Magic
  1848 | D:2      | Reached skill level 1 in Air Magic
  1848 | D:2      | Reached skill level 1 in Earth Magic
  1848 | D:2      | Reached skill level 1 in Poison Magic
  2415 | D:1      | Reached XP level 5. HP: 46/47 MP: 6/6
  2580 | D:1      | Found a faded altar of an unknown god.
  4262 | D:4      | Killed a necrophage
  4263 | D:4      | Reached skill level 5 in Polearms
  4263 | D:4      | Reached skill level 5 in Dodging
  4263 | D:4      | Reached XP level 6. HP: 50/53 MP: 8/8
  4531 | D:4      | Killed a black bear
  4725 | D:4      | Reached XP level 7. HP: 35/60 MP: 10/10
  4925 | D:4      | Killed a wyvern
  5246 | D:3      | Killed Eustachio
  5387 | D:4      | Found a radiant altar of Vehumet.
  5413 | D:4      | Reached skill level 10 in Stealth
  5563 | D:5      | Reached XP level 8. HP: 67/67 MP: 12/12
  5869 | D:5      | Found Janiv's Distillery.
  5876 | D:5      | Bought a potion of degeneration for 13 gold pieces
  5876 | D:5      | Bought a potion of curing for 39 gold pieces
  5876 | D:5      | Bought a potion of curing for 39 gold pieces
  6030 | D:5      | Found a transporter.
  6030 | D:5      | Noticed flyleaff's ghost (novice GrFi)
  6288 | D:5      | Found a transporter.
  6944 | D:6      | Noticed a wraith
  6992 | D:6      | Killed a wraith
  7115 | D:6      | Reached XP level 9. HP: 47/72 MP: 10/14
  7235 | D:6      | Found a staircase to the Ecumenical Temple.
  7244 | Temple   | Entered the Ecumenical Temple
  7259 | Temple   | Became a worshipper of Gozag Ym Sagoz the Greedy
  8861 | D:5      | Bought a faintly humming scale mail for 234 gold pieces
  8861 | D:5      | Identified the +6 scale mail of Ystuluek {rC- Regen+ Str+3
                  | Int+2} (You bought it in a shop on level 5 of the Dungeon)
  9282 | D:4      | Bought a smoking ring mail for 189 gold pieces
  9282 | D:4      | Identified the +4 ring mail of Resonance {rC+} (You bought
                  | it in a shop on level 4 of the Dungeon)
  9459 | D:7      | Reached skill level 5 in Invocations
  9813 | D:3      | Bought a steaming leather armour for 182 gold pieces
  9813 | D:3      | Identified the +2 leather armour "Musiudelo" {Rampage rPois
                  | rF+} (You bought it in a shop on level 3 of the Dungeon)
  9994 | D:8      | Reached XP level 10. HP: 78/80 MP: 17/17
 10033 | D:8      | Reached skill level 5 in Short Blades
 10033 | D:8      | Reached skill level 5 in Long Blades
 10033 | D:8      | Reached skill level 5 in Axes
 10033 | D:8      | Reached skill level 5 in Maces & Flails
 10033 | D:8      | Reached skill level 5 in Staves
 10033 | D:8      | Reached skill level 5 in Slings
 10033 | D:8      | Reached skill level 5 in Bows
 10033 | D:8      | Reached skill level 5 in Crossbows
 10033 | D:8      | Reached skill level 5 in Throwing
 10033 | D:8      | Reached skill level 5 in Armour
 10033 | D:8      | Reached skill level 5 in Shields
 10033 | D:8      | Reached skill level 5 in Unarmed Combat
 10033 | D:8      | Reached skill level 5 in Spellcasting
 10033 | D:8      | Reached skill level 5 in Evocations
 10039 | D:8      | Noticed a white ugly thing
 10222 | D:8      | Found a staircase to the Lair.
 10584 | D:8      | Killed a white ugly thing
 10693 | D:8      | Noticed a two-headed ogre
 10711 | D:7      | Reached skill level 11 in Stealth
 10913 | D:7      | Killed a two-headed ogre
 10914 | D:7      | Reached XP level 11. HP: 31/87 MP: 2/19
 11961 | D:9      | Noticed Erica
 11987 | D:9      | Killed Erica
 11988 | D:9      | Reached skill level 5 in Conjurations
 11988 | D:9      | Reached skill level 5 in Hexes
 11988 | D:9      | Reached skill level 5 in Summonings
 11988 | D:9      | Reached skill level 5 in Necromancy
 11988 | D:9      | Reached skill level 5 in Translocations
 11988 | D:9      | Reached skill level 5 in Transmutations
 11988 | D:9      | Reached skill level 5 in Fire Magic
 11988 | D:9      | Reached skill level 5 in Ice Magic
 11988 | D:9      | Reached skill level 5 in Air Magic
 11988 | D:9      | Reached skill level 5 in Earth Magic
 11988 | D:9      | Reached skill level 5 in Poison Magic
 12233 | D:9      | Noticed Psyche
 12698 | D:9      | Noticed Pikel
 12709 | D:9      | Killed Pikel
 12880 | D:9      | Noticed a purple ugly thing
 12896 | D:9      | Killed a purple ugly thing
 13142 | D:10     | Entered Level 10 of the Dungeon
 13316 | D:10     | Noticed a wizard
 13850 | D:8      | Killed Psyche
 14029 | D:10     | Found the +8 Vampire's Tooth {vamp}
 14129 | D:10     | Noticed Joseph
 14146 | D:10     | Killed Joseph
 14394 | D:10     | Cast into level 2 of the Abyss (a wizard)
 14424 | Abyss:2  | Noticed a starcursed mass
 14425 | Abyss:2  | Noticed a large abomination
 14484 | Abyss:2  | Found a corrupted altar of Lugonu.
 14517 | Abyss:2  | Noticed a glowing orange brain
 14562 | Abyss:2  | Noticed a thrashing horror
 14669 | Abyss:2  | Noticed a wretched star
 14669 | Abyss:2  | Noticed a wretched star
 14669 | Abyss:2  | Noticed a starcursed mass
 14675 | Abyss:2  | Noticed a wretched star
 14678 | Abyss:2  | Noticed a great orb of eyes
 14760 | Abyss:2  | Noticed a wizard
 14767 | Abyss:2  | Gained mutation: You are dopey. (Int -2) [a neqoxec]
 14771 | Abyss:2  | Gained mutation: You do not regenerate when monsters are
                  | visible. [a neqoxec]
 14825 | Abyss:2  | Lost mutation: You are dopey. (Int -2) [potion of mutation]
 14825 | Abyss:2  | Lost mutation: You do not regenerate when monsters are
                  | visible. [potion of mutation]
 15062 | Abyss:2  | Found a corrupted altar of Lugonu.
 15092 | Abyss:2  | Noticed a thrashing horror
 15120 | Abyss:2  | Killed a thrashing horror
 15259 | Abyss:2  | Noticed a spatial maelstrom
 15283 | D:10     | Escaped the Abyss
 16261 | Lair:1   | Entered Level 1 of the Lair of Beasts
 16441 | Lair:1   | Reached XP level 12. HP: 88/96 MP: 9/15
 16930 | Lair:1   | Noticed a seven-headed hydra
 16951 | Lair:1   | Killed a seven-headed hydra
 18074 | Lair:2   | Reached skill level 10 in Fighting
 18118 | Lair:2   | Noticed a catoblepas
 18192 | Lair:1   | Killed a catoblepas
 18415 | Lair:2   | Reached skill level 12 in Stealth
 18657 | Lair:2   | Learned a level 1 spell: Summon Small Mammal
 18693 | Lair:2   | Found a staircase to the Swamp.
 18895 | Lair:2   | Reached XP level 13. HP: 38/103 MP: 3/24
 19005 | Lair:2   | Identified Sif Muna's Almanac of Entrancing Snow
 19020 | Lair:2   | Identified the Compendium of Noxious Calling
 19025 | Lair:2   | Learned a level 2 spell: Blink
 19046 | Lair:3   | Noticed Snorg
 19466 | Lair:3   | Found a staircase to the Snake Pit.
 19532 | Lair:3   | Noticed Nergalle
 19661 | Lair:3   | Killed Nergalle
 19733 | Lair:3   | Identified the +6 mace of the Wraith {vorpal, Int+3}
 19759 | Lair:3   | Noticed Urug
 19766 | Lair:3   | Paralysed by Urug for 4 turns
 19777 | Lair:3   | Killed Urug
 19868 | Lair:3   | Learned a level 2 spell: Ensorcelled Hibernation
 19891 | Lair:3   | Identified the +9 dagger of Regicide {antimagic, rF+ Int-4
                  | Dex+4 SInv}
 19934 | Lair:3   | Found a transporter.
 19944 | Lair:3   | Found a transporter.
 19996 | Lair:3   | Noticed Feulaj's ghost (journeyman MiBe)
 20034 | Lair:3   | Found a one-way gate to the infinite horrors of the Abyss.
 20515 | Lair:3   | Killed Snorg
 22260 | Lair:5   | Identified the amulet "Miqesaxe" {Spirit rC+ Will- Int+3}
 22600 | Lair:5   | Found a bloodstained altar of Trog.
 23204 | Lair:6   | Entered Level 6 of the Lair of Beasts
 23306 | Lair:6   | Reached XP level 14. HP: 107/111 MP: 24/26
 23310 | Lair:6   | Learned a level 3 spell: Mephitic Cloud
 23319 | Lair:6   | Learned a level 3 spell: Ignite Poison
 23360 | Lair:5   | Learned a level 3 spell: Teleport Other
 23364 | Lair:5   | Learned a level 3 spell: Confusing Touch
 23368 | Lair:5   | Learned a level 3 spell: Call Canine Familiar
 23372 | Lair:5   | Learned a level 3 spell: Dazzling Flash
 23376 | Lair:5   | Learned a level 3 spell: Inner Flame
 23380 | Lair:5   | Learned a level 3 spell: Lesser Beckoning
 23476 | Lair:6   | Reached skill level 10 in Polearms
 23476 | Lair:6   | Reached skill level 10 in Dodging
 23626 | Lair:6   | Found a staircase to the Slime Pits.
 24170 | Lair:6   | Paralysed by a hornet for 1 turns
 24216 | Lair:6   | Reached skill level 10 in Invocations
 24332 | Lair:6   | Paralysed by a hornet for 1 turns
 25386 | Lair:6   | Found a runed translucent door.
 25391 | Lair:6   | Noticed freelancePsychic's ghost (journeyman DgFE)
 25454 | Lair:6   | Killed freelancePsychic's ghost
 25570 | Lair:6   | Reached skill level 13 in Stealth
 25954 | Lair:3   | HP: 4/113 [raiju/living lightning (21)]
 26357 | Lair:3   | Killed Feulaj's ghost
 26508 | Lair:3   | Paralysed by a hornet for 3 turns
 26896 | D:5      | Killed flyleaff's ghost
 27331 | D:10     | Cast into level 2 of the Abyss (a wizard)
 27508 | Abyss:2  | Identified the +0 tower shield of Haunted Joy {Dex+5}
 27508 | Abyss:2  | Noticed a daeva
 27613 | Abyss:2  | Paralysed by a great orb of eyes for 3 turns
 27626 | Abyss:2  | Paralysed by a great orb of eyes for 6 turns
 27628 | Abyss:2  | HP: 2/113 [sixfirhy (9)]
 27630 | Abyss:2  | Slain by a white imp

Illustrated notes

Levels and vault maps discovered:
D:1:      dpeg_arrival_chambers_temple_mockup, layout_basic,
          ebering_ecumenical_altar_sacrificial
D:2:      layout_loops_ring, minmay_misc_feat_hallway
D:3:      layout_basic, serial_shops, shop, minmay_surrounded
D:4:      layout_basic, vehumet_statue, serial_shops, shop_fountains,
          uniq_eustachio
D:5:      layout_basic, gammafunk_ghost_mausoleum, serial_shops,
          kennysheep_mini, nicolae_shop_crystal, shop_statue, grunt_ministairs_4
D:6:      layout_loops_cross, minmay_temple_entry_mini_moons,
          chequers_serial_rivers_small_a, minmay_fountain_box
D:7:      layout_basic, minmay_nine_imps
D:8:      layout_loops_cross, minmay_lair_entry_grove
D:9:      layout_stronghold, uniq_pikel, uniq_psyche, uniq_erica
D:10:     layout_basic, minmay_misc_feat_pillars,
          minmay_guarded_unrand_vampires_tooth, uniq_joseph
Temple:   nicolae_temple_the_god_donut
Lair:1:   layout_cave_pods, st_stairs_9, grunt_megastairs_3,
          serial_bayou_shore_a, minmay_lair_oklob_chamber
Lair:2:   layout_cave_shapes, swamp_mist_pool, serial_bayou_pond_e, ice2_lemuel
Lair:3:   layout_regular_city, guppyfry_snake_entry_island,
          gammafunk_ghost_abyssal_escape, wad_woods_03, lemuel_fruit_tree,
          uniq_nergalle, uniq_snorg, uniq_urug
Lair:4:   layout_hall_layers, grunt_forest_large_clearing_hut
Lair:5:   layout_regular_city, basic_altar
Lair:6:   minmay_lair_end_enchanted_forest, layout_cave_pods,
          minmay_slime_entry_pillars, ebering_ghost_reflecting_pool
Abyss:2:  base: D:9, bh_abyss_exit_spiral, hangedman_cross_veins, base: D:3,
          bh_abyss_exit_grid

Skill      XL: |  1  2  3  4  5  6  7  8  9 10 11 12 13 14 |
---------------+-------------------------------------------+-----
Stealth        | 10 11 12 13 | 13.1
Invocations    | 1 2 3 4 5 6 7 8 9 10 | 10.4
Short Blades   | 1 2 3 4 5 6 7 8 9 |  9.6
Long Blades    | 1 2 3 4 5 6 7 8 9 |  9.6
Axes           | 1 2 3 4 5 6 7 8 9 |  9.6
Maces & Flails | 1 2 3 4 5 6 7 8 9 |  9.6
Staves         | 1 2 3 4 5 6 7 8 9 |  9.6
Slings         | 1 2 3 4 5 6 7 8 9 |  9.6
Bows           | 1 2 3 4 5 6 7 8 9 |  9.6
Crossbows      | 1 2 3 4 5 6 7 8 9 |  9.6
Throwing       | 1 2 3 4 5 6 7 8 9 |  9.6
Armour         | 1 2 3 4 5 6 7 8 9 |  9.6
Shields        | 1 2 3 4 5 6 7 8 9 |  9.6
Unarmed Combat | 1 2 3 4 5 6 7 8 9 |  9.6
Spellcasting   | 1 2 3 4 5 6 7 8 9 |  9.6
Evocations     | 1 2 3 4 5 6 7 8 9 |  9.6
Conjurations   | 1 2 3 4 5 6 7 8 |  8.1
Hexes          | 1 2 3 4 5 6 7 8 |  8.1
Summonings     | 1 2 3 4 5 6 7 8 |  8.1
Necromancy     | 1 2 3 4 5 6 7 8 |  8.1
Translocations | 1 2 3 4 5 6 7 8 |  8.1
Transmutations | 1 2 3 4 5 6 7 8 |  8.1
Fire Magic     | 1 2 3 4 5 6 7 8 |  8.1
Ice Magic      | 1 2 3 4 5 6 7 8 |  8.1
Air Magic      | 1 2 3 4 5 6 7 8 |  8.1
Earth Magic    | 1 2 3 4 5 6 7 8 |  8.1
Poison Magic   | 1 2 3 4 5 6 7 8 |  8.1
Polearms       | 5 6 7 8 9 10 | 10.6
Dodging        | 5 6 7 8 9 10 | 10.6
Fighting       | 7 8 9 10 11 | 11.5

Action                   |  1- 3 |  4- 6 |  7- 9 | 10-12 | 13-15 || total
-------------------------+-------+-------+-------+-------+-------++-------
Melee: Spear             |    43 |       |       |       |       ||    43
       Bite              |     5 |    18 |    47 |   170 |   279 ||   519
       Trident           |    13 |    11 |   357 |       |       ||   381
       Flail             |       |   166 |    86 |       |       ||   252
       Long sword        |       |       |    15 |   261 |       ||   276
       Quick blade       |       |       |       |   750 |  1555 ||  2305
       Scimitar          |       |       |       |   141 |       ||   141
       Dagger            |       |       |       |       |    43 ||    43
       Broad axe         |       |       |       |       |   174 ||   174
 Fire: Hunting sling     |       |    20 |    14 |       |       ||    34
       Hand crossbow     |       |       |       |    77 |    38 ||   115
Throw: Dart              |       |       |     2 |    13 |       ||    15
 Cast: Blink             |       |       |       |       |     5 ||     5
       Confusing Touch   |       |       |       |       |     1 ||     1
Evoke: Wand              |       |       |     1 |    11 |     7 ||    19
  Use: Potion            |     1 |       |       |     6 |    10 ||    17
       Scroll            |       |       |     7 |     9 |    12 ||    28
 Stab: Sleeping          |     4 |    23 |    16 |    13 |    13 ||    69
       Distracted        |     2 |       |     1 |     2 |     9 ||    14
       Paralysed         |       |       |       |       |     2 ||     2
Armor: Ring mail         |     4 |    84 |   141 |       |       ||   229
       Leather armour    |     1 |       |       |       |       ||     1
       Scale mail        |       |       |    64 |   526 |   694 ||  1284
Dodge: Dodged            |    22 |   121 |   146 |   279 |   471 ||  1039
       Repelled          |       |       |     2 |       |       ||     2
Block: Buckler           |       |     2 |    27 |       |       ||    29
       Tower shield      |       |       |   201 |   802 |  1262 ||  2265
       Rpst.: Long sword |       |       |     3 |    18 |       ||    21
       Scimitar          |       |       |       |    11 |       ||    11

Table legend: (Time is in decaauts)
 A = Elapsed time spent in this place.
 B = Non-inter-level travel time spent in this place.
 C = Inter-level travel time spent in this place.
 D = Time resting spent in this place.
 E = Time spent auto-exploring this place.
 F = Levels seen in this place.
 G = Mean time per level.
                   A        B        C        D        E       F      G
               +--------+--------+--------+--------+--------+-----+--------+
         Total |  27467 |  24931 |   2536 |   1775 |  16090 |  19 | 1445.6 |
       Dungeon |  16368 |  14317 |   2051 |   1082 |   9577 |  10 | 1636.8 |
        Temple |     28 |     15 |     13 |      0 |      7 |   1 |   28.0 |
          Lair |   9842 |   9370 |    472 |    412 |   6131 |   6 | 1640.3 |
         Abyss |   1227 |   1227 |      0 |    280 |    374 |   2 |  613.5 |
               +--------+--------+--------+--------+--------+-----+--------+

Top non-repeatable levels by time:
  Lair:3: 2483 daAuts
     D:4: 2253 daAuts
     D:9: 2252 daAuts
  Lair:6: 2133 daAuts
     D:6: 2006 daAuts
     D:5: 2006 daAuts
  Lair:1: 1813 daAuts
     D:7: 1813 daAuts
     D:8: 1632 daAuts
  Lair:5: 1447 daAuts
    D:10: 1404 daAuts
 Abyss:2: 1227 daAuts
  Lair:2: 1128 daAuts
     D:3: 1096 daAuts
     D:2: 988 daAuts
